 Dungeon Crawl Stone Soup version 0.29.1-2-gbd0b4ee654 (webtiles) character file.

Game seed: 10543092009869454161

1 styxcanada the Sneak (level 1, -2/10 HPs)
             Began as a Spriggan Brigand on Nov 2, 2022.
             Slain by a goblin
             ... wielding a +0 club
              (3 damage)
             ... on level 1 of the Dungeon.
             The game lasted 00:00:40 (93 turns).

styxcanada the Sneak (Spriggan Brigand)               Turns: 93, Time: 00:00:40

Health: -2/10      AC:  3    Str:  7    XL:     1   Next: 16%
Magic:  2/2        EV: 16    Int: 12    God:
Gold:   8          SH:  0    Dex: 16    Spells: 0/0 levels left

rFire   . . .      SeeInvis +   a - +2 dagger
rCold   . . .      Faith    .   (no shield)
rNeg    . . .      Spirit   .   b - +0 robe
rPois   .          Reflect  .   (helmet restricted)
rElec   .          Harm     .   c - +0 cloak
rCorr   .          Rampage  .   (gloves unavailable)
Will    .....                   (boots unavailable)
Stlth   +++.......              (no amulet)
HPRegen 0.03/turn               (no ring)
MPRegen 0.08/turn               (no ring)

@: very quick
A: very small, no large weapons, unfitting armour, see invisible, speed 3
a: no special abilities


You were on level 1 of the Dungeon.
You visited 1 branch of the dungeon, and saw 1 of its levels.

You collected 8 gold pieces.

Inventory:

Hand Weapons
 a - a +2 dagger (weapon)
Missiles
 d - 7 poisoned darts (quivered)
 e - 3 curare-tipped darts
Armour
 b - a +0 robe (worn)
 c - a +0 cloak (worn)
Scrolls
 h - a scroll of amnesia {unknown}
Potions
 f - a potion of mutation {unknown}
 g - a potion of curing {unknown}


   Skills:
 * Level 1.5 Fighting
 + Level 2.2 Short Blades
 + Level 2.0 Throwing
 * Level 1.4 Dodging
 * Level 5.9 Stealth


You couldn't memorise any spells.
You didn't know any spells.
Your spell library was empty.

Dungeon Overview and Level Annotations

Branches:
Dungeon (1/15)

Altars:


Innate Abilities, Weirdness & Mutations

You are very small and have problems with some larger weapons.
You are too small for most types of armour.
You have supernaturally acute eyesight. (SInv)
You cover ground extremely quickly. (Speed+++)


Message History

The hobgoblin completely misses you.
You closely miss the hobgoblin.
The hobgoblin is heavily wounded.
The hobgoblin hits you. x2
You closely miss the hobgoblin.
The hobgoblin is heavily wounded.
The hobgoblin misses you. The hobgoblin closely misses you.
You hit the hobgoblin but do no damage.
The hobgoblin is heavily wounded.
The hobgoblin hits you. The hobgoblin barely misses you.
A giant cockroach comes into view.
You hit the hobgoblin.
You kill the hobgoblin!
The hobgoblin hits you.
* * * LOW HITPOINT WARNING * * *
A frilled lizard comes into view.
Throw: 9 darts (poison)
Press: ? - help, Q - select action, (/) - cycle Shift-Dir - straight line, f - hobgoblin
Aim: a hobgoblin (60% to hit)
You throw a poisoned dart.
The poisoned dart closely misses the hobgoblin.
Unknown command.
Throw: 8 darts (poison)
Press: ? - help, Q - select action, (/) - cycle Shift-Dir - straight line, f/p - hobgoblin
Aim: a hobgoblin (60% to hit)
You throw a poisoned dart.
The poisoned dart closely misses the hobgoblin.
Unknown command.
A ball python comes into view.
Found a robe.
A frilled lizard comes into view.
A goblin comes into view. It is wielding a +0 club.
A frilled lizard comes into view.
A ball python comes into view.
Found a scratched coral ring.
A quokka comes into view.
The ball python hisses angrily.
The frilled lizard hisses angrily.
The goblin shouts!
The frilled lizard hisses angrily.
The goblin hits you with a +0 club.
You die...

#..#....######.#
##.#....##....S###..
##...##..#.........#
#....###.......###.#
..[.....#......# .#
....###....g...# #.#
(.............l##..# ##
..B.######......g.#...##
#...# #......@......#
#..†# #......l.......
...!# ###......l.....
#.>.# #.......r....
#...# ##.[.....=..#
#...# ##...##...## #...#
##### #### #####


You could see a quokka (wandering), a hobgoblin, a goblin and 3 frilled lizards.

Vanquished Creatures
  A hobgoblin (D:1)
1 creature vanquished.

Notes
Turn   | Place    | Note
-------+----------+-------------------------------------------
     0 | D:1      | styxcanada the Spriggan Brigand began the quest for the
                  | Orb.
     0 | D:1      | Reached XP level 1. HP: 10/10 MP: 2/2
    93 | D:1      | Slain by a goblin

Illustrated notes

Levels and vault maps discovered:
D:1:      elethiomel_arrival_quiet, layout_rooms

Action                   || total
-------------------------++-------
Melee: Dagger            ||     9
Throw: Dart              ||     2
Armor: Robe              ||     2
Dodge: Dodged            ||     6
